 Dungeon Crawl Stone Soup version 0.29-a0-561-ga02bf68b3c (webtiles) character file.

Game seed: 16547497316234148799

430 ryzyn the Vexing (level 6, -1/25 HPs)
             Began as a Spriggan Enchanter on June 11, 2022.
             Slain by an orc
             ... wielding a +0 mace
              (2 damage)
             ... on level 4 of the Dungeon.
             The game lasted 00:05:54 (4224 turns).

ryzyn the Vexing (Spriggan Enchanter)               Turns: 4224, Time: 00:05:55

Health: -1/25      AC:  3    Str:  8    XL:     6   Next: 66%
Magic:  16/16      EV: 17    Int: 16    God:
Gold:   218        SH:  0    Dex: 18    Spells: 9/17 levels left

rFire   + . .      SeeInvis +   a - +1 dagger (spect)
rCold   . . .      Faith    .   (no shield)
rNeg    . . .      Spirit   .   b - +1 robe
rPois   .          Reflect  .   (helmet restricted)
rElec   .          Harm     .   (no cloak)
rCorr   .          Rampage  .   (gloves unavailable)
Will    +....                   (boots unavailable)
Stlth   ++++......              (no amulet)
HPRegen 0.08/turn               (no ring)
MPRegen 0.15/turn               (no ring)

@: very quick
A: very small, no large weapons, unfitting armour, see invisible, speed 3, thin
skeletal structure 1, fire resistance 1, frail 1, strong 1, MP-powered wands
a: no special abilities


You were on level 4 of the Dungeon.
You visited 1 branch of the dungeon, and saw 4 of its levels.

You collected 218 gold pieces.

Inventory:

Hand Weapons
 a - a +1 spectral dagger (weapon)
Armour
 b - a +1 robe (worn)
Scrolls
 h - 2 scrolls of brand weapon
Potions
 c - a potion of invisibility
 e - a potion of brilliance {unknown}
 f - a potion of mutation
 g - 2 potions of might
 i - a potion of degeneration {unknown}
 j - a potion of haste {unknown}


   Skills:
 - Level 1.1 Short Blades
 - Level 2.6 Dodging
 + Level 5.8 Stealth
 + Level 6.1 Spellcasting
 + Level 6.6 Hexes


You had 9 spell levels left.
You knew the following spells:

 Your Spells              Type           Power      Damage    Failure   Level
a - Ensorcelled Hibernat  Hex/Ice        30%        N/A       5%          2
b - Tukima's Dance        Hex            26%        N/A       2%          3
d - Confusing Touch       Hex            26%        N/A       2%          3

Your spell library contained the following spells:

 Spells                   Type           Power      Damage    Failure   Level
 Dazzling Flash           Conj/Hex       30%        N/A       11%         3
 Sublimation of Blood     Necr           4%         N/A       21%         2
 Wereblood                Tmut           4%         N/A       21%         2
 Summon Hydra             Summ           2%         N/A       100%        7


Dungeon Overview and Level Annotations

Branches:
Dungeon (4/15)
 Temple: D:4-7

Altars:


Innate Abilities, Weirdness & Mutations

You are very small and have problems with some larger weapons.
You are too small for most types of armour.
You have supernaturally acute eyesight. (SInv)
You cover ground extremely quickly. (Speed+++)
You have a somewhat thin skeletal structure. (Dex +2, Stealth+)
Your flesh is heat resistant. (rF+)
You are frail. (-10% HP)
Your muscles are strong. (Str +2)
You expend magic power (3 MP) to strengthen your wands.


Message History

You are too injured to fight recklessly!
Unknown command.
You are too injured to fight recklessly!
Unknown command.
You are too injured to fight recklessly!
Unknown command.
You are too injured to fight recklessly!
Unknown command.
You are too injured to fight recklessly!
Unknown command.
You are too injured to fight recklessly!
You closely miss the orc wizard.
The orc wizard is severely wounded.
Your +1 spectral dagger misses the orc wizard.
The orc closely misses you. x2; The orc misses you.
The orc wizard hits you with a +0 dagger.
Unknown command.
You closely miss the orc wizard.
The orc wizard is severely wounded.
Your +1 spectral dagger hits the orc wizard.
The orc wizard points at you and mumbles some strange words.
The puff of flame hits you. You resist.
* * * LOW HITPOINT WARNING * * *
The orc barely misses you. The orc hits you with a +0 flail.
* * * LOW HITPOINT WARNING * * *
The orc completely misses you.
You feel better. The orc misses you. The orc hits you with a +0 mace.
The orc misses you. The orc wizard misses you.
Unknown command.
You open the door.
A quokka comes into view.
The orc misses you.
You hit the orc.
The orc is heavily wounded.
The orc hits you with a +0 mace!
* * * LOW HITPOINT WARNING * * *
You hit the orc.
The orc is severely wounded.
The orc hits you with a +0 mace.
You die...

***,,,,,,,*,,,,,,,,########......
*,,,,,,,,,.........+.............
*,*****,**#........##............
*,* *,* #........*#............
*,*****,*##...r...,*#............
,,,,,,,.##.......,,*#............
**,****....,.r..,,,*#............
**,****..#..##'######............
,,,,,,,>.......o@...'............
,,,,,,,..#..##o######)...........
,,,,,,...#####.### #............
,,,,,,.......)oo.####............
,,,,,,...........##..............
,,,,,,...........##.#.#.#.#.#.#..
,,,,,,...........##..............
,,,,,,...###########.#.#.#.#.#..,
,,,,,,..,,,,,,,,,* #..........,,,


You could see 2 orcs and a quokka.

Vanquished Creatures
  Sigmund (D:2)
  An ogre (D:4)
  Robin (D:2)
  7 adders
  4 gnolls (D:3)
  A worm (D:2)
  2 dart slugs (D:3)
  5 orcs
  3 endoplasms (D:1)
  13 goblins
  10 hobgoblins
  A jackal (D:2)
  5 quokkas
  4 ball pythons
  5 bats
  2 frilled lizards
  8 rats
73 creatures vanquished.

Vanquished Creatures (collateral kills)
  A goblin (D:2)
1 creature vanquished.

Grand Total: 74 creatures vanquished

Notes
Turn   | Place    | Note
-------+----------+-------------------------------------------
     0 | D:1      | ryzyn the Spriggan Enchanter began the quest for the Orb.
     0 | D:1      | Reached XP level 1. HP: 9/9 MP: 5/5
   291 | D:1      | Reached XP level 2. HP: 13/13 MP: 7/7
   294 | D:1      | Learned a level 2 spell: Ensorcelled Hibernation
  1204 | D:1      | Gained mutation: Your flesh is heat resistant. (rF+)
                  | [potion of mutation]
  1204 | D:1      | Gained mutation: You are frail. (-10% HP) [potion of
                  | mutation]
  1204 | D:1      | Gained mutation: You have a somewhat thin skeletal
                  | structure. (Dex +2, Stealth+) [potion of mutation]
  1204 | D:1      | Gained mutation: You have hidden genetic potential. [potion
                  | of mutation]
  1848 | D:2      | Noticed Robin
  1873 | D:2      | Reached XP level 3. HP: 14/14 MP: 9/9
  1878 | D:2      | Killed Robin
  1885 | D:2      | Gained mutation: You expend magic power (3 MP) to
                  | strengthen your wands. [hidden potential]
  2033 | D:2      | Learned a level 3 spell: Tukima's Dance
  2037 | D:2      | Learned a level 3 spell: Confusing Touch
  2400 | D:2      | Noticed Sigmund
  2416 | D:2      | Killed Sigmund
  2417 | D:2      | Reached skill level 5 in Spellcasting
  2417 | D:2      | Reached skill level 5 in Hexes
  2417 | D:2      | Reached XP level 4. HP: 18/18 MP: 3/12
  2417 | D:2      | Reached XP level 5. HP: 21/21 MP: 3/13
  2437 | D:2      | Gained mutation: Your muscles are strong. (Str +2) [hidden
                  | potential]
  2437 | D:2      | Lost mutation: You have hidden genetic potential. [hidden
                  | potential expressed]
  2854 | D:3      | Found a faded altar of an unknown god.
  2937 | D:3      | Reached XP level 6. HP: 15/25 MP: 15/15
  3390 | D:3      | Reached skill level 5 in Stealth
  4213 | D:4      | HP: 1/25 [orc/+0 flail (5)]
  4223 | D:4      | HP: 1/25 [orc/+0 mace (8)]
  4224 | D:4      | Slain by an orc

Illustrated notes

Levels and vault maps discovered:
D:1:      roderic_dead_forest, layout_basic
D:2:      wander_river, layout_basic, grunt_decor_junction, minmay_surrounded,
          uniq_sigmund, uniq_robin
D:3:      layout_basic, ebering_ecumenical_altar_abandoned,
          minmay_misc_feat_rows, minmay_fountain_box
D:4:      layout_basic, minmay_misc_feat_pillars

Skill      XL: |  1  2  3  4  5  6 |
---------------+-------------------+-----
Spellcasting   | 3 5 6 |  6.1
Hexes          | 4 5 6 |  6.6
Stealth        | 5 |  5.8
Short Blades   | |  1.1
Dodging        | |  2.6

Action                   |  1- 3 |  4- 6 || total
-------------------------+-------+-------++-------
Melee: Dagger            |   125 |    67 ||   192
       Punch             |     2 |     1 ||     3
 Cast: Ensorcelled Hiber |    11 |       ||    11
       Tukima's Dance    |     1 |       ||     1
       Confusing Touch   |     1 |       ||     1
  Use: Scroll            |     5 |     6 ||    11
       Potion            |     2 |     2 ||     4
 Stab: Sleeping          |    15 |    14 ||    29
       Invisible         |     5 |       ||     5
       Confused          |     2 |       ||     2
       Distracted        |       |     4 ||     4
Armor: Robe              |    12 |     6 ||    18
Dodge: Dodged            |    82 |    48 ||   130

Table legend: (Time is in decaauts)
 A = Elapsed time spent in this place.
 B = Non-inter-level travel time spent in this place.
 C = Inter-level travel time spent in this place.
 D = Time resting spent in this place.
 E = Time spent auto-exploring this place.
 F = Levels seen in this place.
 G = Mean time per level.
                   A        B        C        D        E       F      G
               +--------+--------+--------+--------+--------+-----+--------+
         Total |   3348 |   3283 |     65 |    181 |   2651 |   4 |  837.0 |
       Dungeon |   3348 |   3283 |     65 |    181 |   2651 |   4 |  837.0 |
               +--------+--------+--------+--------+--------+-----+--------+

Top non-repeatable levels by time:
     D:1: 1306 daAuts
     D:2: 1015 daAuts
     D:3: 849 daAuts
     D:4: 176 daAuts
